 Dungeon Crawl Stone Soup version 0.31.0-32-g396128a36d (webtiles) character file.

Game seed: 13195309395436157184

2555 bearlyready the Severer (level 9, 0/69 (70) HPs)
             Began as a Hill Orc Berserker on Mar 29, 2024.
             Was a Priest of Trog.
             Slain by Maggie
             ... wielding a +0 halberd
              (18 damage)
             ... on level 7 of the Dungeon.
             The game lasted 00:09:10 (6524 turns).

bearlyready the Severer (Hill Orc Berserker)        Turns: 6524, Time: 00:09:11

HP:   0/69 (70)     AC:  7    Str: 24    XL:     9   Next: 56%
MP:   18/18         EV: 11    Int:  7    God:    Trog [***...]
Gold: 148           SH:  0    Dex: 10    Spells: 8/8 levels left

rFire   . . .        a - +0 hand axe
rCold   x . .        (no shield)
rNeg    + + .        y - +0 leather armour of Utohid {Harm rC- rN++ Slay+3}
rPois   +            x - +0 helmet
rElec   .            F - +1 cloak
rCorr   .            (no gloves)
SInv    .            E - +0 pair of boots
Will    +....        (no amulet)
Stlth   +            A - ring "Wyanuas" {+Blink rPois MP+9}
HPRegen 0.31/turn    c - ring of willpower
MPRegen 0.16/turn

%: harm (+30% outgoing, +20% incoming)
@: about to teleport, mesmerised, lightly drained
A: no striking features
a: Renounce Religion, Evoke Blink, Berserk, Trog's Hand


You were on level 7 of the Dungeon.
You worshipped Trog.
Trog was most pleased with you.
You visited 1 branch of the dungeon, and saw 8 of its levels.

You collected 252 gold pieces.
You spent 104 gold pieces at shops.

Inventory:

Hand Weapons
 a - a +0 hand axe (weapon)
 j - a +2 whip of electrocution
Missiles
 B - 6 poisoned darts (quivered)
 G - a throwing net
 H - a curare-tipped dart
Armour
 b - a +0 animal skin
 k - a +0 scale mail
 x - a +0 helmet (worn)
 y - the +0 leather armour of Utohid (worn) {Harm rC- rN++ Slay+3}
   (You found it on level 5 of the Dungeon)

   Slay+3:    It affects your accuracy & damage with ranged weapons and melee
   (+3).
   rC-:       It makes you vulnerable to cold.
   rN++:      It greatly protects you from negative energy.
   Harm:      It increases damage dealt and taken.
 E - a +0 pair of boots (worn)
 F - a +1 cloak (worn)
Jewellery
 c - a ring of willpower (right hand)
 r - a ring of poison resistance
 s - a ring of willpower
 A - the ring "Wyanuas" (left hand) {+Blink rPois MP+9}
   (You found it on level 5 of the Dungeon)

   [ring of magical power]

   rPois:     It protects you from poison MP+9: It affects your magic capacity
   (+9).
   +Blink:    It lets you blink.
Wands
 o - a wand of flame (43)
 w - a wand of quicksilver (8)
Scrolls
 d - 5 scrolls of identify
 e - a scroll of blinking {unknown}
 f - a scroll of enchant armour
 g - a scroll of teleportation
 m - 2 scrolls of poison {unknown}
 q - 2 scrolls of revelation {unknown}
 t - 2 scrolls of enchant weapon {unknown}
 I - a scroll of immolation {unknown}
Potions
 h - a potion of mutation {unknown}
 i - 2 potions of might {unknown}
 l - a potion of cancellation {unknown}
 n - a potion of degeneration {unknown}
 p - 2 potions of curing
 u - a potion of heal wounds
 v - a potion of brilliance {unknown}
 z - 2 potions of enlightenment {unknown}
 C - a potion of invisibility {unknown}
 D - a potion of ambrosia {unknown}


   Skills:
 - Level 3.6 Fighting
 + Level 15.3 Axes
 - Level 2.1 Armour
 - Level 1.5 Dodging
 + Level 4.8 Evocations


You had 8 spell levels left.
You didn't know any spells.
Your spell library was empty.

Dungeon Overview and Level Annotations

Branches:
Dungeon (8/15)             Temple (0/1) D:5
   Lair: D:8-11

Altars:

Shops:
D:4 !   D:7 [(((

Annotations:
D:7 Jeremiah, Maggie


Message History

A kobold comes into view.
It is wielding a +2 short sword of venom.
The kobold hits you with a +0 whip.
* * * LOW HITPOINT WARNING * * *
As you read the scroll of teleportation, it crumbles to dust.
You feel strangely unstable. The bullfrog barely misses you.
The bullfrog swells and bulges.
The bullfrog barely misses you.
You feel much better. The bullfrog hits you. The kobold closely misses you.
The kobold attacks as it pursues you! The kobold hits you but does no damage.
Your surroundings suddenly seem different.
Jeremiah and a hound come into view.
Jeremiah is wielding a +3 trident of draining and wearing an orb of guile.
Found a dagger and a viscous amethyst potion.
Found a stone staircase leading down.
Jeremiah shouts!
The hound barks!
The hound completely misses you.
As you read the scroll of teleportation, it crumbles to dust.
You feel strangely unstable. The hound bites you. The hound closely misses you.
You hit the hound but do no damage. The hound bites you but does no damage.
You hit the hound.
The hound is heavily wounded.
Your surroundings suddenly seem different.
Maggie, 3 wights, a gnoll sergeant and 4 gnolls come into view.
Found a scroll labelled ZUSOMAZOOH, 13 gold pieces and a leather armour.
The gnoll sergeant shouts!
The gnoll shouts! x3
Maggie mumbles some strange words.
Maggie attempts to bespell you!
You are mesmerised by Maggie!
The wight barely misses you. The wight hits you but does no damage.
As you read the scroll of teleportation, it crumbles to dust.
You feel strangely unstable. The wight barely misses you.
The wight hits you from afar with a +0 halberd.
The gnoll sergeant hits you from afar with a +0 spear!
The wight closely misses you.
You cannot move away from Maggie!
The wight hits you from afar with a +0 halberd.
* * * LOW HITPOINT WARNING * * *
You partially resist.
You feel drained.
Maggie hits you from afar with a +0 halberd!
You die...

+# +# +# .#
. . .# . .#
.##
#.#+###.#
..##
#.#.....#
....
...z.z.#
....
#z....#
....
#.@...# .#
#.g...# ...
....g@.#
..##.gg...#
#..
#g.?...# ##
#......#
#..$.[..
.#####..#


You could see Maggie (mesmerising), a gnoll sergeant, 3 wights and 4 gnolls.

Vanquished Creatures
  Pikel (D:4)
  Joseph (D:7)
  Eustachio (D:4)
  A steam dragon (D:6)
  Edmund (D:4)
  2 ice beasts (D:6)
  A sky beast (D:4)
  An ogre (D:6)
  2 centaurs (D:6)
  2 phantoms
  2 kobold brigands
  2 scorpions
  A bombardier beetle (D:5)
  An orc priest (D:5)
  A jelly (D:6)
  3 hounds
  2 iguanas
  An orc wizard (D:5)
  13 adders
  4 gnolls (D:6)
  A white imp (D:6)
  3 dart slugs
  4 ribbon worms (D:4)
  10 orcs
  3 endoplasms
  2 giant cockroaches
  8 goblins
  3 hobgoblins
  2 jackals (D:4)
  4 quokkas
  3 ball pythons
  10 bats
  9 kobolds
  6 rats
111 creatures vanquished.

Notes
Turn   | Place    | Note
-------+----------+-------------------------------------------
     0 | D:1      | bearlyready the Hill Orc Berserker began the quest for the
                  | Orb.
     0 | D:1      | Reached XP level 1. HP: 19/19 MP: 1/1
   356 | D:1      | Reached XP level 2. HP: 14/26 MP: 2/2
   747 | D:2      | Reached skill level 5 in Axes
   946 | D:2      | Reached XP level 3. HP: 21/31 MP: 3/3
  1312 | D:2      | Reached skill level 6 in Axes
  1614 | D:2      | Reached XP level 4. HP: 39/39 MP: 4/4
  2083 | D:3      | Reached ** piety under Trog
  2319 | D:3      | Reached skill level 7 in Axes
  2356 | D:3      | Noticed a scorpion
  2364 | D:3      | Killed a scorpion
  2365 | D:3      | Reached XP level 5. HP: 45/45 MP: 5/5
  2507 | D:3      | Found a faded altar of an unknown god.
  2507 | D:3      | Noticed a tormentor
  2876 | D:4      | Noticed Pikel
  2880 | D:4      | Noticed a lemure
  2881 | D:4      | Noticed a lemure
  2882 | D:4      | Noticed a lemure
  2886 | D:4      | Noticed a lemure
  2891 | D:4      | Killed Pikel
  2892 | D:4      | Reached skill level 10 in Axes
  2892 | D:4      | Reached XP level 6. HP: 51/51 MP: 6/6
  2892 | D:4      | Reached XP level 7. HP: 57/57 MP: 7/7
  3044 | D:4      | Reached skill level 11 in Axes
  3121 | D:4      | Found Urcham's Distillery.
  3126 | D:4      | Bought a potion of curing for 39 gold pieces
  3126 | D:4      | Bought a potion of heal wounds for 65 gold pieces
  3145 | D:4      | Noticed Eustachio
  3155 | D:4      | Noticed Edmund
  3171 | D:4      | Killed Edmund
  3172 | D:4      | Reached skill level 12 in Axes
  3172 | D:4      | Reached XP level 8. HP: 58/64 MP: 8/8
  3175 | D:4      | Killed Eustachio
  3521 | D:4      | Found the +11 Singing Sword {sonic wave}
  3544 | D:4      | Reached skill level 13 in Axes
  3748 | D:5      | Entered Level 5 of the Dungeon
  3754 | D:5      | Identified the +0 leather armour of Utohid {Harm rC- rN++
                  | Slay+3}
  4181 | D:5      | Found a staircase to the Ecumenical Temple.
  4375 | D:5      | Reached skill level 14 in Axes
  4379 | D:5      | Identified the ring "Wyanuas" {+Blink rPois MP+9}
  4466 | D:5      | Reached *** piety under Trog
  4833 | D:6      | Reached skill level 1 in Evocations
  5038 | D:6      | Reached XP level 9. HP: 30/70 MP: 9/9
  5440 | D:6      | Identified the +3 scale mail of Qazlal's Felicitations {Fly
                  | rC++ Str+3 Slay-3}
  6150 | D:6      | Reached skill level 15 in Axes
  6355 | D:7      | Found Puehekac's Antique Weapon Emporium.
  6364 | D:7      | Found Pauduuh's Antique Weapon Shoppe.
  6364 | D:7      | Found Sonko's Armour Shop.
  6366 | D:7      | Found Ynyeviv's Weapon Emporium.
  6429 | D:7      | Noticed Joseph
  6449 | D:7      | Killed Joseph
  6517 | D:7      | Noticed Jeremiah
  6522 | D:7      | Noticed Maggie
  6524 | D:7      | Slain by Maggie

Illustrated notes

Levels and vault maps discovered:
D:1:      dpeg_arrival_long_road, layout_basic
D:2:      layout_loops_corners, nicolae_figureground_pulse
D:3:      layout_loops_corners, dreamdust_ecumenical_altar_sealed_demon
D:4:      old_forge, layout_gridville, serial_shops,
          nicolae_shop_real_fake_doors, uniq_eustachio, uniq_pikel, uniq_edmund
D:5:      layout_layer_cave, minmay_temple_entry_proselytizer,
          serial_bayou_ford_a
D:6:      kennysheep_spiral_hall, layout_basic
D:7:      layout_rooms, nicolae_hexahallways, nicolae_wooded_promenade,
          uniq_jeremiah, uniq_joseph, uniq_maggie
D:8:      layout_loops_ring, mainiacjoe_overflow_24_doors, dpeg_lair_monsters,
          gammafunk_ghost_necromancy, serial_shops, nicolae_book_shop_shelving

Skill      XL: |  1  2  3  4  5  6  7  8  9 |
---------------+----------------------------+-----
Axes           | 5 6 7 10 12 14 15 | 15.3
Evocations     | 2 4 |  4.8
Fighting       | |  3.6
Armour         | |  2.1
Dodging        | |  1.5

Action                     |  1- 3 |  4- 6 |  7- 9 || total
---------------------------+-------+-------+-------++-------
  Melee: Hand axe          |   121 |    61 |   257 ||   439
         Punch             |     1 |     1 |     4 ||     6
 Invoke: Berserk           |     1 |     3 |     5 ||     9
  Evoke: Wand              |       |       |    10 ||    10
    Use: Scroll            |       |       |     5 ||     5
         Potion            |       |       |     1 ||     1
 Armour: Animal skin       |    21 |       |       ||    21
         Scale mail        |    49 |    29 |    85 ||   163
         Leather armour    |       |       |    93 ||    93
  Dodge: Dodged            |    74 |    35 |   114 ||   223
